 Dungeon Crawl Stone Soup version 0.30-a0-6-g7c9e10e132 (webtiles) character file.

Game seed: 4783245872299773724

557 QueenGhuleh the Chopper (level 7, -13/61 HPs)
             Began as a Minotaur Berserker on Aug 22, 2022.
             Was a Priest of Trog.
             Mangled by an orc warrior
             ... wielding a +0 scimitar of holy wrath
              (14 damage)
             ... on level 4 of the Dungeon.
             The game lasted 00:07:03 (3247 turns).

QueenGhuleh the Chopper (Minotaur Berserker)        Turns: 3247, Time: 00:07:03

Health: -13/61     AC: 12    Str: 23    XL:     7   Next: 9%
Magic:  6/6        EV:  7    Int:  4    God:    Trog [***...]
Gold:   104        SH:  0    Dex: 10    Spells: 6/6 levels left

rFire   . . .      SeeInvis +    o - +0 flail (vorpal)
rCold   . . .      Faith    .    (no shield)
rNeg    . . .      Spirit   .    w - +0 plate armour
rPois   .          Reflect  .    (helmet restricted)
rElec   .          Harm     .    (no cloak)
rCorr   .          Rampage  .    (no gloves)
Will    .....                    (no boots)
Stlth   ..........               (no amulet)
HPRegen 0.20/turn                l - ring of see invisible
MPRegen 0.10/turn                (no ring)

@: on berserk cooldown, slowed, very slow
A: horns 2, retaliatory headbutt
a: Renounce Religion, Berserk, Trog's Hand


You were on level 4 of the Dungeon.
You worshipped Trog.
Trog was most pleased with you.
You visited 1 branch of the dungeon, and saw 4 of its levels.

You collected 104 gold pieces.

Inventory:

Hand Weapons
 o - a +0 vorpal flail (weapon)
 p - a +3 trident of venom
Armour
 w - a +0 plate armour (worn)
Jewellery
 a - a ring of flight
 l - a ring of see invisible (left hand)
Scrolls
 b - a scroll of vulnerability {unknown}
 c - 10 scrolls of identify {unknown}
 e - 5 scrolls of enchant weapon {unknown}
 f - a scroll of blinking {unknown}
 g - a scroll of silence {unknown}
 h - a scroll of butterflies {unknown}
 r - a scroll of enchant armour {unknown}
 t - a scroll of brand weapon {unknown}
 u - 3 scrolls of amnesia {unknown}
 x - a scroll of fear {unknown}
Potions
 d - 2 potions of resistance {unknown}
 i - a potion of berserk rage {unknown}
 j - 2 potions of might {unknown}
 k - 2 potions of degeneration {unknown}
 m - 2 potions of curing {unknown}
 n - a potion of invisibility {unknown}
 q - 2 potions of mutation {unknown}
 v - 4 potions of haste {unknown}


   Skills:
 + Level 5.1 Fighting
 + Level 5.6(6.5) Axes
 + Level 2.1(4.1) Maces & Flails
 + Level 4.2(5.6) Polearms
 + Level 4.6 Armour
 + Level 2.7 Dodging
 + Level 1.0 Stealth


You had 6 spell levels left.
You didn't know any spells.
Your spell library was empty.

Dungeon Overview and Level Annotations

Branches:
Dungeon (4/15)
 Temple: D:4-7

Altars:

Annotations:
D:4 2 runed translucent doors, Setbun's ghost, amateur MiFi


Innate Abilities, Weirdness & Mutations

You have a pair of horns on your head.
You reflexively headbutt those who attack you in melee.


Message History

You are too injured to fight recklessly!
You are too injured to fight recklessly!
You are too injured to fight recklessly!
You closely miss the hobgoblin.
You feel sick.
You thump the hobgoblin!
You kill the hobgoblin!
Trog accepts your kill.
The orc warrior hits you with a +0 scimitar of holy wrath!
* * * LOW HITPOINT WARNING * * *
An orc comes into view. It is wielding a +0 whip.
The orc shouts!
You bludgeon the orc priest!!
You feel the power of Trog in you as your rage grows.
You kill the orc priest!
Trog accepts your kill.
You feel sick.
The orc warrior hits you with a +0 scimitar of holy wrath.
* * * LOW HITPOINT WARNING * * *
Your base Maces & Flails skill increases to level 2!
You have reached level 7!
You barely miss the orc priest. You headbutt the orc priest!
You kill the orc priest!
Trog accepts your kill.
You feel sick.
The orc warrior hits you with a +0 scimitar of holy wrath.
* * * LOW HITPOINT WARNING * * *
You feel sick.
You are no longer poisoned.
Items here: )))) †.
You feel a strong urge to attack something.
The orc warrior hits you with a +0 scimitar of holy wrath!
* * * LOW HITPOINT WARNING * * *
Found a book of Burglary.
You barely miss the orc warrior.
The orc warrior is moderately wounded.
You are no longer berserk.
You are exhausted.
You feel yourself slow down.
The orc warrior hits you with a +0 scimitar of holy wrath!
You die...

#....####'##
#.....'....#..........
##...##....#..........
####...##....#..........
........#....#.........
.......##...##..o.....
.......##...##.....#
.......#.....#)....##...
.......#.....')o@......:
.......#.....#†.........
.###...##....#......)...
.#####'##....#..........
..#....##...##.....##...
..#...)###'###.....# ..
..#.........#........ .
..#.........#........
..'..†......#


You could see an orc warrior and an orc.

Vanquished Creatures
  A phantom (D:4)
  A necrophage (D:4)
  4 orc priests (D:4)
  3 orc wizards (D:4)
  An iguana (D:4)
  Robin (D:3)
  4 adders
  7 gnolls (D:4)
  An ufetubus (D:4)
  2 worms
  2 dart slugs
  3 orcs
  4 endoplasms
  2 giant cockroaches
  9 goblins
  8 hobgoblins
  A jackal (D:4)
  8 quokkas
  4 ball pythons
  7 bats
  A frilled lizard (D:3)
  6 kobolds
  4 rats
84 creatures vanquished.

Notes
Turn   | Place    | Note
-------+----------+-------------------------------------------
     0 | D:1      | QueenGhuleh the Minotaur Berserker began the quest for the
                  | Orb.
     0 | D:1      | Reached XP level 1. HP: 19/19 MP: 0/0
   353 | D:1      | Reached XP level 2. HP: 24/27 MP: 1/1
  1245 | D:2      | Found a faded altar of an unknown god.
  1425 | D:2      | Reached XP level 3. HP: 33/33 MP: 2/2
  1470 | D:2      | Reached ** piety under Trog
  2052 | D:3      | Noticed Robin
  2069 | D:3      | Killed Robin
  2070 | D:3      | Reached XP level 4. HP: 19/41 MP: 3/3
  2595 | D:4      | Reached skill level 1 in Polearms
  2598 | D:4      | Reached skill level 5 in Axes
  2732 | D:4      | Reached XP level 5. HP: 47/47 MP: 4/4
  2755 | D:4      | Reached skill level 1 in Stealth
  2761 | D:4      | Reached XP level 6. HP: 48/55 MP: 5/5
  2965 | D:4      | Reached skill level 1 in Maces & Flails
  3101 | D:4      | Found a large runed translucent door.
  3102 | D:4      | Found a large runed translucent door.
  3104 | D:4      | Noticed Setbun's ghost (amateur MiFi)
  3148 | D:4      | Reached skill level 5 in Fighting
  3232 | D:4      | Noticed an orc warrior
  3238 | D:4      | Reached *** piety under Trog
  3243 | D:4      | Reached XP level 7. HP: 20/61 MP: 6/6
  3245 | D:4      | HP: 1/91 [orc warrior/+0 scimitar of holy wrath (13)]
  3247 | D:4      | Mangled by an orc warrior

Illustrated notes

Levels and vault maps discovered:
D:1:      dpeg_arrival_stonehenge_8_columns, layout_loops_ring,
          minmay_tetromino_i4
D:2:      layout_loops_ring, shapermc_ecumenical_altar_totnotflames
D:3:      layout_basic, st_stairs_8, uniq_robin
D:4:      layout_gridville, ebering_ghost_disaster_area, minmay_starry_boxes

Skill      XL: |  1  2  3  4  5  6 |
---------------+-------------------+-----
Axes           | 4 5 |  5.6
Fighting       | 4 5 |  5.1
Armour         | 3 4 |  4.6
Polearms       | 1 2 4 |  4.2
Stealth        | 1 |  1.0
Maces & Flails | 2 |  2.1
Dodging        | |  2.7

Action                   |  1- 3 |  4- 6 |  7- 9 || total
-------------------------+-------+-------+-------++-------
Melee: Hand axe          |    96 |     3 |       ||    99
       Headbutt          |    12 |    14 |     1 ||    27
       Trident           |       |    23 |       ||    23
       Flail             |       |    47 |     2 ||    49
Invok: Berserk           |     1 |     5 |       ||     6
  Use: Potion            |       |     3 |       ||     3
Armor: Leather armour    |    12 |       |       ||    12
       Ring mail         |    11 |     4 |       ||    15
       Chain mail        |       |    11 |       ||    11
       Plate armour      |       |    25 |       ||    25
Dodge: Dodged            |    62 |    31 |       ||    93

Table legend: (Time is in decaauts)
 A = Elapsed time spent in this place.
 B = Non-inter-level travel time spent in this place.
 C = Inter-level travel time spent in this place.
 D = Time resting spent in this place.
 E = Time spent auto-exploring this place.
 F = Levels seen in this place.
 G = Mean time per level.
                   A        B        C        D        E       F      G
               +--------+--------+--------+--------+--------+-----+--------+
         Total |   3306 |   3246 |     60 |      0 |   2704 |   4 |  826.5 |
       Dungeon |   3306 |   3246 |     60 |      0 |   2704 |   4 |  826.5 |
               +--------+--------+--------+--------+--------+-----+--------+

Top non-repeatable levels by time:
     D:2: 962 daAuts
     D:3: 917 daAuts
     D:1: 725 daAuts
     D:4: 701 daAuts
